 Dungeon Crawl Stone Soup version 0.16.1-51-g6203257 (webtiles) character file.

429947 fneyf the Executioner (level 22, -7/209 HPs)
             Began as a Minotaur Fighter on July 19, 2015.
             Was the Champion of Makhleb.
             Killed by divine providence
             ... invoked by a deep elf high priest
              (12 damage)
             ... on level 3 of the Elven Halls on July 20, 2015.
             The game lasted 06:15:09 (64891 turns).

fneyf the Executioner (Minotaur Fighter)           Turns: 64891, Time: 06:15:09

Health: -7/209     AC: 39    Str: 27    XL:     22   Next: 82%
Magic:  32/35      EV:  9    Int:  8    God:    Makhleb [******]
Gold:   2514       SH: 18    Dex: 20    Spells: 0 memorised, 21 levels left

rFire  . . .     SeeInvis +     a - +9 war axe (venom)
rCold  . . .     Clarity  .     B - +5 plate armour
rNeg   . . .     SustAb   .     U - +0 shield {reflect}
rPois  .         Gourm    .     M - +2 hat
rElec  .         Spirit   .     k - +2 cloak
rCorr  .         Warding  .     l - +2 pair of gloves {Dex+3}
rMut   +         Stasis   .     y - +2 pair of boots
MR     +....                    E - amulet of resist mutation
Stlth  ..........               s - ring of see invisible
                                R - +6 ring of dexterity

@: very slightly contaminated, somewhat resistant to hostile enchantments,
extremely unstealthy
A: retaliatory headbutt, horns 2, talons 1, blurry vision 1, evolution 1,
MP-powered wands 1
a: Minor Destruction, Lesser Servant of Makhleb, Major Destruction, Greater
Servant of Makhleb, Renounce Religion
}: 2/15 runes: decaying, gossamer


You were on level 3 of the Elven Halls.
You worshipped Makhleb.
Makhleb was exalted by your worship.
You were not hungry.

You visited 9 branches of the dungeon, and saw 50 of its levels.
You visited the Abyss 3 times.
You visited 1 bazaar.
You also visited: Ice Cave.

You collected 5499 gold pieces.
You spent 2985 gold pieces at shops.

Inventory:

Hand weapons
 a - a +9 war axe of venom (weapon)
Armour
 k - a +2 cloak (worn)
 l - a +2 pair of gloves of dexterity (worn)
 y - a +2 pair of boots (worn)
 B - a +5 plate armour (worn)
 M - a +2 hat (worn)
 U - a +0 shield of reflection (worn)
 Y - the +1 scale mail of Ylugu {MR+ Regen+ Dex+3}
   (You found it on level 3 of the Elven Halls)

   It affects your dexterity (+3).
   It affects your resistance to hostile enchantments.
   It increases your rate of regeneration.
Rods
 b - a +0 iron rod (13/13)
   (You found it on level 1 of the Elven Halls)
 g - a +5 rod of ignition (10/10)
   (You bought it in a shop on level 4 of the Orcish Mines)
 O - a -1 rod of destruction (11/11)
   (You found it on level 1 of the Depths)
Jewellery
 j - an uncursed ring of positive energy
 o - an uncursed amulet of guardian spirit
 q - an uncursed ring of poison resistance
 s - a ring of see invisible (right hand)
 E - an amulet of resist mutation (around neck)
 P - an uncursed amulet of resist corrosion
 Q - the amulet of Throqoesoca {Spirit rN+ Int+3}
   (You took it off a deep elf sorcerer on level 3 of the Elven Halls)

   [amulet of guardian spirit]

   It causes incoming damage to be split between your health and magic.
   It affects your intelligence (+3).
   It protects you from negative energy.
 R - a +6 ring of dexterity (left hand)
 T - an uncursed amulet of stasis
Magical devices
 h - a wand of heal wounds (1)
 C - a wand of disintegration (9)
 I - a wand of slowing (30)
 K - a wand of teleportation (2)
 L - a wand of teleportation (1)
 W - a wand of digging (13)
 X - a wand of heal wounds (0)
Scrolls
 c - a scroll of silence
 f - 7 scrolls of fog
 m - 5 scrolls of magic mapping
 p - 3 scrolls of identify
 u - 3 scrolls of fear
 z - 2 scrolls of recharging
 F - a scroll of summoning {unknown}
 G - 12 scrolls of remove curse
 H - 6 scrolls of teleportation
 N - a scroll of blinking
Potions
 d - 2 potions of resistance
 e - 2 potions of magic
 i - 16 potions of curing
 r - 7 potions of restore abilities
 w - 2 potions of cancellation
 A - a potion of invisibility
 D - 3 potions of haste
 Z - 7 potions of ambrosia
Comestibles
 n - 2 royal jellies
 t - 3 slices of pizza
 v - 11 fruits
 x - 3 beef jerkies
 J - 2 chunks of flesh
 S - 4 meat rations
 V - 6 bread rations


   Skills:
 - Level 20.0 Fighting
 + Level 23.1 Axes
 - Level 22.0 Armour
 - Level 22.0 Shields
 - Level 16.0 Invocations


You had 21 spell levels left.
You didn't know any spells.

Dungeon Overview and Level Annotations

Branches:
Dungeon (15/15)            Temple (1/1) D:4            Lair (8/8) D:9
  Swamp (5/5) Lair:4       Spider (5/5) Lair:4        Slime (0/6) Lair:6
    Orc (4/4) D:9             Elf (3/3) Orc:4        Vaults (4/5) D:14
  Crypt (0/3) Vaults:3     Depths (5/5) D:15
    Zot: Depths:5

Altars:
Ashenzari
Cheibriados
Dithmenos
Elyvilon
Fedhas
Gozag
Kikubaaqudgha
Makhleb
Nemelex Xobeh
Okawaru
Qazlal
Ru
Sif Muna
Trog
Vehumet
Xom
Yredelemnul
Zin
The Shining One
Beogh

Shops:
D:6 :   D:7 %   D:11 (   Orc:4 **%(?}}:   Elf:3 :   Vaults:1 [   Depths:1 *
Depths:4 *

Portals:
Hell: Depths:1 Depths:2 Depths:4
Abyss: Depths:1 Depths:2 Depths:4
Pandemonium: Orc:4 Depths:1
Ziggurat: Depths:2

Annotations:
Swamp:5 Lernaean hydra
Vaults:4 Xtahua
Depths:5 the Enchantress


Innate Abilities, Weirdness & Mutations

You reflexively headbutt those who attack you in melee.
You have a pair of horns on your head.
You have sharp toenails.
Scrolls take you a little longer to read.
You evolve.
You expend magic power (3 MP) to slightly strengthen your wands.


Message History

You feel much better.
Evoking this partially-identified wand wasted a few charges.
Your Executioner hits the crystal guardian.
Your Executioner hits the crystal guardian but does no damage.
Your Executioner hits the crystal guardian.
The deep elf high priest invokes the aid of its god against you.
The hellfire explodes!
The burst of hellfire engulfs you!
* * * LOW HITPOINT WARNING * * *
The burst of hellfire engulfs your balrug.
Your balrug dies!
Your Executioner hits the crystal guardian!
Your Executioner hits the crystal guardian. x2
The crystal guardian hits your Executioner.
Unknown command.
Read which item? (? for menu, Esc to quit)
Your Executioner hits the crystal guardian but does no damage. x2
Your Executioner hits the crystal guardian.
The deep elf high priest invokes the aid of its god against you.
Something smites you!
You die...

######)#################.
###.....1[.......'.........
#........e4......#.........
#.########8####..#.........
#.# #1# #..#......... #.# #[#
#..#........# #.# #.#
#..#.:......# ##'## #(#
#..##.......# ##...## #@#
#..##''##''## ##.....## #.#
#..##..##..# #.......## #.#
#..##..##..# #........#
##.####..##..##..#
#........###............##..#
#........+....).........##..##
##.......##.[#####..#......[..
##.....###..# #......##....
##...## #..# ####.#######.


You could see a crystal guardian, a deep elf high priest, a hellwing and a
friendly Executioner.

Vanquished Creatures
  An ancient lich (Depths:3)
  Sojobo (Depths:3)
  A golden dragon (Depths:4)
  A profane servitor (Abyss:1)
  Frederick (Depths:4)
  A bone dragon (Abyss:1)
  Nikola (Swamp:2)
  A tentacled monstrosity (Abyss:1)
  2 quicksilver dragons (Depths:4)
  4 tentacled starspawn (Abyss:1)
  2 sphinxes
  A tengu reaver (Depths:3)
  2 Executioners
  A shadow dragon (Depths:3)
  A storm dragon (Depths:4)
  3 thorn hunters
  Frances (Elf:3)
  5 vault wardens
  6 fire giants
  Donald (Spider:3)
  8 deep elf sorcerers (Elf:3)
  3 ghost moths
  An orc warlord (Elf:2)
  An iron dragon (Depths:4)
  2 frost giants (Depths:4)
  An angel (Depths:2)
  8 emperor scorpions
  9 stone giants
  2 spriggan defenders
  5 ironheart preservers
  Jorgrun (Depths:1)
  8 very ugly things
  An ophan (Abyss:1)
  6 rakshasas
  A reaper (Depths:4)
  7 deep elf annihilators
  2 deep elf demonologists
  6 dire elephants
  3 fire dragons
  3 ettins
  Snorg (Lair:8)
  A blizzard demon (Abyss:1)
  An ettin (shapeshifter) (Depths:5)
  3 deep elf death magi
  3 crystal guardians (Elf:3)
  7 yaktaur captains
  A green death (Abyss:1)
  A vault guard (Vaults:1)
  4 deep elf high priests (Elf:3)
  4 great orbs of eyes
  Harold (Orc:2)
  4 spriggan air magi
  2 ice dragons
  Nessos (Spider:2)
  11 ogre magi
  7 statues (Depths:4)
  2 deep troll earth magi (Vaults:1)
  Erica (D:12)
  20 hydras
  9 centaur warriors
  5 tengu warriors
  21 death yaks
  20 dancing weapons
  9 alligators
  5 orc high priests (Orc:4)
  2 thrashing horrors (Abyss:1)
  5 spriggan berserkers
  A deep troll shaman (Depths:2)
  2 shock serpents (shapeshifter)
  Urug (D:15)
  Nergalle (D:13)
  15 hell knights
  3 large abominations (Abyss:1)
  31 deep elf knights
  2 ice devils (IceCv)
  A wretched star (Abyss:1)
  The ghost of aliceinspace the Ducker, an experienced DrFi of Okawaru (D:9)
  An iron troll (Depths:2)
  2 spatial maelstroms (Abyss:1)
  3 fire crabs (shapeshifter)
  2 unseen horrors
  12 skeletal warriors
  3 deep trolls
  A fire crab (D:14)
  A death drake (Depths:3)
  2 spriggan druids (Swamp:3)
  2 storm dragon skeletons (Depths:4)
  A spectral hydra (Depths:3)
  2 giant orange brains
  A tengu zombie (Depths:4)
  A flayed ghost (Depths:3)
  5 shambling mangroves
  2 ice statues (IceCv)
  7 swamp dragons
  A giant orange brain (shapeshifter) (Depths:5)
  19 orb spiders
  14 deep elf summoners
  A torturous demonspawn (Orc:4)
  18 deep elf conjurers
  9 harpies
  A lindwurm (Lair:6)
  A sphinx zombie (Vaults:4)
  7 ironbrand convokers
  8 necromancers
  16 orc knights
  10 orc sorcerers
  2 oklob plants (Lair:6)
  A tengu skeleton (D:15)
  An orb spider (shapeshifter) (Depths:4)
  A stone giant zombie (Depths:1)
  4 wizards
  38 wolf spiders
  10 hill giants
  5 griffons
  6 cyclopes
  A fire giant zombie (Abyss:1)
  11 hornets
  2 frost giant zombies
  2 phantasmal warriors
  33 ugly things
  A sphinx skeleton (Vaults:4)
  5 vault sentinels
  3 moths of wrath
  17 elephants
  Maurice (Orc:2)
  A guardian serpent (shapeshifter) (Vaults:1)
  A fire giant skeleton (D:15)
  Joseph (Orc:2)
  2 smoke demons (Orc:4)
  An apocalypse crab (Abyss:1)
  4 sixfirhies
  5 torpor snails
  A gargoyle (D:11)
  A queen ant (Lair:8)
  5 centaur skeletons
  An orange demon (Abyss:1)
  2 kobold demonologists
  16 spiny frogs
  3 hellions
  A hellwing (Depths:1)
  25 yaktaurs
  A yaktaur (shapeshifter) (D:14)
  5 black mambas
  2 redback zombies
  6 komodo dragons
  8 deep elf priests
  A fire drake (Lair:3)
  3 spectral merfolk (Depths:3)
  A tengu conjurer (Depths:2)
  19 demonic crawlers
  33 jumping spiders
  5 trolls
  17 two-headed ogres
  A tengu simulacrum (Vaults:1)
  An ancient zyme (Abyss:1)
  28 blink frogs
  A red devil (Orc:4)
  9 polar bears
  5 blue devils
  8 freezing wraiths
  4 giant leeches
  2 sphinx simulacra
  6 baby alligators
  A trapdoor spider zombie (D:13)
  2 fire vortices (Depths:4)
  2 bog bodies
  5 boulder beetles
  26 slime creatures
  A deep troll zombie (D:15)
  8 raiju
  5 basilisks
  33 ravens
  2 blink frogs (shapeshifter)
  A flying skull (Vaults:3)
  16 trapdoor spiders
  47 yaks
  2 chaos spawn (Abyss:1)
  3 wyverns
  13 spriggans
  5 shadows
  7 water elementals
  3 wraiths
  55 redbacks
  33 tarantellas
  7 hippogriffs
  A fire bat (Abyss:1)
  35 deep elf magi
  36 deep elf fighters
  A steam dragon (Lair:8)
  A ynoxinul (Abyss:1)
  A human simulacrum (Vaults:2)
  A hippogriff (shapeshifter) (Depths:1)
  21 swamp worms
  36 vampire mosquitoes
  14 wolves
  A mottled dragon (D:14)
  15 wargs
  6 neqoxecs
  17 insubstantial wisps
  A hungry ghost (D:12)
  7 porcupines
  22 water moccasins
  13 soldier ants
  16 black bears
  13 ice beasts
  10 hell hounds
  18 wasps
  A spectral troll (Depths:3)
  A dwarf (shapeshifter) (Vaults:1)
  12 swamp drakes
  32 ogres
  A trapdoor spider simulacrum (D:14)
  49 orc warriors
  A sky beast (D:15)
  3 phantoms
  10 boggarts
  29 spiders
  3 orc zombies
  11 small abominations (Abyss:1)
  18 centaurs
  3 boring beetles
  A boring beetle (shapeshifter) (D:14)
  Sigmund (D:6)
  18 crocodiles
  3 big kobolds
  A yaktaur zombie (D:15)
  A merfolk simulacrum (Depths:3)
  22 giant frogs
  8 killer bees
  8 scorpions
  A troll zombie (D:8)
  7 electric eels
  6 wights
  An elf skeleton (Vaults:1)
  11 crimson imps
  A giant frog zombie (D:7)
  A spectral centaur (Depths:3)
  A goliath beetle (D:7)
  24 hounds
  6 quasits
  38 orc priests
  3 centaur zombies
  5 jellies
  2 giant frog skeletons (D:11)
  Crazy Yiuf (D:6)
  6 human zombies
  3 human skeletons
  An iron imp (Abyss:1)
  3 troll simulacra (IceCv)
  8 iguanas
  A killer bee zombie (D:10)
  26 orc wizards
  25 hell rats
  41 worker ants
  A sheep (shapeshifter) (D:14)
  2 spriggan simulacra (IceCv)
  An ogre zombie (D:8)
  Jessica (D:2)
  3 centaur simulacra
  A hound zombie (D:7)
  2 hound skeletons
  5 gnolls
  5 mummies (D:8)
  A worker ant zombie (D:5)
  Robin (D:2)
  23 adders
  3 ogre simulacra (IceCv)
  3 shadow imps
  69 river rats
  2 white imps
  A giant mite (D:6)
  6 worms
  3 ufetubi
  An adder zombie (D:5)
  2 adder skeletons
  3 giant geckos
  2 oozes
  187 orcs
  16 bats
  2 bat skeletons
  28 goblins
  22 hobgoblins
  12 jackals
  25 kobolds
  17 quokkas
  3 ball pythons
  6 giant cockroaches
  A giant gecko zombie (D:7)
  13 giant newts
  A jackal skeleton (D:4)
  A lurking horror (Abyss:1)
  2 quokka skeletons
  16 rats
  A spectral orc (D:8)
  4 ballistomycetes
  2 briar patches
  A butterfly (Lair:1)
  13 fungi
  6 plants
  4 starspawn tentacles (Abyss:1)
  3 toadstools (D:1)
2406 creatures vanquished.

Vanquished Creatures (collateral kills)
  Norris (Swamp:2)
  A bone dragon (Abyss:1)
  A hellephant (Abyss:1)
  A deep elf master archer (Elf:3)
  An Executioner (Elf:3)
  A sphinx (D:14)
  2 tengu reavers (D:14)
  A fire giant (Depths:4)
  Louise (D:15)
  A draconian knight (Abyss:1)
  2 balrugs
  2 very ugly things
  2 spriggan defenders (Depths:5)
  2 deep elf demonologists (Elf:3)
  2 rakshasas (Depths:4)
  A deep elf annihilator (Elf:3)
  A green death (Swamp:5)
  A deep elf high priest (D:14)
  2 fire dragons
  An ice dragon (Depths:4)
  A spriggan air mage (Depths:4)
  4 hydras (Swamp:5)
  The ghost of CcS the Geomancer, a powerful DgEE (Lair:2)
  A centaur warrior (D:14)
  A tengu warrior (Depths:1)
  3 spriggans
  A spriggan berserker (Depths:5)
  A sun demon (Depths:1)
  2 unseen horrors
  7 ugly things
  2 deep elf conjurers (Depths:4)
  3 swamp dragons (Swamp:5)
  2 hill giants (D:14)
  A necromancer (D:14)
  2 sixfirhies (D:14)
  A torpor snail (Depths:1)
  A komodo dragon (Lair:8)
  An efreet (D:14)
  An ancient zyme (Abyss:1)
  A giant leech (Swamp:3)
  A polar bear (Depths:5)
  3 raiju (Abyss:1)
  A slime creature (D:14)
  A water elemental (D:14)
  A vampire (D:14)
  A neqoxec (Abyss:1)
  A steam dragon (Lair:8)
  A soldier ant (Lair:8)
  A water moccasin (Lair:2)
  A swamp worm (Swamp:2)
  A spatial vortex (Abyss:1)
  2 swamp drakes
  A boring beetle (D:14)
  2 wasps
  4 centaurs (D:15)
  A hound (D:14)
  An iguana (Lair:8)
  3 kobolds (D:14)
  A plant (Lair:8)
92 creatures vanquished.

Vanquished Creatures (others)
  3 Executioners
  A tengu reaver (Depths:3)
  A vault warden (Vaults:3)
  3 balrugs
  3 cacodemons
  2 green deaths
  2 blizzard demons (Depths:4)
  A hydra (Swamp:5)
  A centaur warrior (Depths:2)
  2 deep elf knights
  A flayed ghost (Depths:3)
  A cyclops (Vaults:1)
  A vault sentinel (Vaults:1)
  A yaktaur (Depths:1)
  2 fire vortices (Depths:4)
  A slime creature (D:14)
  3 blink frogs (Swamp:5)
  A wraith (Depths:3)
  A deep elf fighter (Vaults:3)
  A steam dragon (Lair:8)
  A warg (Depths:3)
  A boggart (Depths:3)
  A wight (D:12)
  A crimson imp (Depths:1)
  An orc priest (D:12)
  An orc wizard (D:12)
  An orc (D:12)
  2 giant spores
  2 ballistomycetes (D:12)
  15 fungi
  58 plants
  10 starspawn tentacles (Abyss:1)
  83 starspawn tentacle segments (Abyss:1)
  A toadstool (D:1)
210 creatures vanquished.

Grand Total: 2708 creatures vanquished

Notes
Turn   | Place    | Note
--------------------------------------------------------------
     0 | D:1      | fneyf, the Minotaur Fighter, began the quest for the Orb.
     0 | D:1      | Reached XP level 1. HP: 19/19 MP: 1/1
   167 | D:1      | Reached XP level 2. HP: 27/27 MP: 1/1
   247 | D:1      | Reached skill level 4 in Shields
   649 | D:2      | Reached XP level 3. HP: 18/33 MP: 2/2
   910 | D:2      | Noticed Jessica
   915 | D:2      | Killed Jessica
   948 | D:2      | Reached XP level 4. HP: 40/40 MP: 2/2
  1008 | D:2      | Noticed Robin
  1019 | D:2      | Killed Robin
  1019 | D:2      | Reached skill level 5 in Shields
  1343 | D:2      | Found an opulent altar of Gozag.
  1424 | D:2      | Reached XP level 5. HP: 32/46 MP: 2/2
  1429 | D:2      | Reached skill level 6 in Shields
  2279 | D:3      | Found a sparkling altar of Nemelex Xobeh.
  2328 | D:3      | Found a glowing silver altar of Zin.
  2331 | D:3      | Found a shadowy altar of Dithmenos.
  2334 | D:3      | Found a glowing golden altar of the Shining One.
  2540 | D:4      | Reached skill level 7 in Shields
  2596 | D:4      | Reached XP level 6. HP: 52/52 MP: 3/3
  2703 | D:4      | Found a stormy altar of Qazlal.
  2991 | D:4      | Found a snail-covered altar of Cheibriados.
  3024 | D:4      | Found a staircase to the Ecumenical Temple.
  3069 | Temple   | Entered the Ecumenical Temple
  3153 | Temple   | Became a worshipper of Makhleb the Destroyer
  3241 | D:5      | Entered Level 5 of the Dungeon
  3264 | D:5      | Reached skill level 8 in Shields
  3674 | D:5      | Reached XP level 7. HP: 30/59 MP: 2/3
  3793 | D:5      | Reached skill level 9 in Shields
  3834 | D:5      | Found an opulent altar of Gozag.
  3845 | D:5      | Found a deep blue altar of Sif Muna.
  4596 | D:6      | Noticed Crazy Yiuf
  4601 | D:6      | Killed Crazy Yiuf
  4601 | D:6      | Reached skill level 10 in Shields
  4975 | D:6      | Found Lybum's Book Shop.
  5066 | D:6      | Noticed Sigmund
  5080 | D:6      | Killed Sigmund
  5080 | D:6      | Reached XP level 8. HP: 52/66 MP: 6/8
  5145 | D:6      | Acquired Makhleb's first power
  5487 | D:6      | Reached skill level 5 in Invocations
  5722 | D:7      | Found Epilukip's Food Boutique.
  5887 | D:7      | Found a white marble altar of Elyvilon.
  6057 | D:7      | Acquired Makhleb's second power
  6361 | D:8      | Found a bloodstained altar of Trog.
  6403 | D:8      | Reached XP level 9. HP: 41/71 MP: 10/17
  6560 | D:8      | Noticed a two-headed ogre
  6569 | D:8      | Killed a two-headed ogre
  7142 | D:8      | Found an ancient bone altar of Kikubaaqudgha.
  7172 | D:8      | Reached skill level 10 in Invocations
  7308 | D:8      | Acquired Makhleb's third power
  7336 | D:8      | Noticed a two-headed ogre
  7344 | D:8      | Killed a two-headed ogre
  7349 | D:8      | Reached skill level 5 in Armour
  7672 | D:8      | Found a blossoming altar of Fedhas.
  7714 | D:8      | Found a basalt altar of Yredelemnul.
  7780 | D:8      | Reached skill level 5 in Fighting
  7940 | D:9      | Reached skill level 5 in Axes
  8026 | D:9      | Reached XP level 10. HP: 80/82 MP: 17/20
  8105 | D:9      | Noticed aliceinspace's ghost (experienced DrFi)
  8137 | D:9      | Killed aliceinspace's ghost
  8579 | D:9      | Found a staircase to the Lair.
  8801 | D:9      | Found a staircase to the Orcish Mines.
  9007 | D:9      | Acquired Makhleb's fourth power
  9388 | Lair:1   | Entered Level 1 of the Lair of Beasts
  9885 | Lair:1   | Noticed a black mamba
  9896 | Lair:1   | Killed a black mamba
 10743 | Lair:1   | Noticed a four-headed hydra
 10754 | Lair:1   | Killed a four-headed hydra
 10754 | Lair:1   | Reached skill level 10 in Armour
 10754 | Lair:1   | Reached XP level 11. HP: 54/93 MP: 13/21
 11076 | Lair:1   | Acquired Makhleb's fifth power
 11085 | Lair:1   | Reached skill level 11 in Armour
 11673 | Lair:2   | Noticed CcS's ghost (powerful DgEE)
 12001 | Lair:2   | Killed CcS's ghost
 12499 | Lair:2   | Reached skill level 10 in Axes
 12964 | Lair:3   | Found a frozen archway.
 13032 | Lair:3   | Reached skill level 10 in Fighting
 13043 | Lair:3   | Reached XP level 12. HP: 73/106 MP: 11/22
 13048 | IceCv    | Entered an ice cave
 13380 | IceCv    | Reached skill level 12 in Axes
 13849 | IceCv    | Reached skill level 13 in Axes
 14471 | Lair:3   | Reached skill level 14 in Axes
 14918 | Lair:3   | Reached skill level 15 in Axes
 15472 | Lair:4   | Found a staircase to the Swamp.
 15533 | Lair:4   | Reached skill level 16 in Axes
 15570 | Lair:4   | Reached XP level 13. HP: 86/113 MP: 15/23
 15679 | Lair:4   | Gained mutation: You are partially covered in molten scales (AC +1). [potion of beneficial mutation]
 15710 | Lair:4   | Found a hole to the Spider Nest.
 15943 | Lair:4   | Noticed a six-headed hydra
 15951 | Lair:4   | Killed a seven-headed hydra
 15951 | Lair:4   | Reached skill level 17 in Axes
 17469 | Lair:6   | Found a staircase to the Slime Pits.
 17979 | Lair:6   | Reached skill level 18 in Axes
 19010 | Lair:7   | Reached skill level 19 in Axes
 19658 | Lair:8   | Entered Level 8 of the Lair of Beasts
 19717 | Lair:8   | Reached XP level 14. HP: 121/121 MP: 24/24
 19737 | Lair:8   | Noticed Snorg
 19750 | Lair:8   | Killed Snorg
 19960 | Lair:8   | Reached skill level 20 in Axes
 21535 | Orc:1    | Entered Level 1 of the Orcish Mines
 21541 | Orc:1    | Found a roughly hewn altar of Beogh.
 21545 | Orc:1    | Reached skill level 21 in Axes
 21682 | Orc:2    | Noticed Maurice
 21686 | Orc:2    | Noticed Joseph
 21692 | Orc:2    | Killed Maurice
 21704 | Orc:2    | Killed Joseph
 22590 | Orc:2    | Noticed Harold
 22600 | Orc:2    | Killed Harold
 22938 | Orc:3    | Found a burning altar of Makhleb.
 23152 | Orc:4    | Entered Level 4 of the Orcish Mines
 23213 | Orc:4    | Found a staircase to the Elven Halls.
 23328 | Orc:4    | Found Onank's Assorted Antiques.
 23345 | Orc:4    | Found Boysir's Assorted Antiques.
 23434 | Orc:4    | Found Jierom's Gadget Shop.
 23551 | Orc:4    | Found Osilaari's Book Shop.
 23615 | Orc:4    | Found Peceprec's Magic Scroll Shop.
 23641 | Orc:4    | Found Odeniuk's Food Boutique.
 24067 | Orc:4    | Paralysed by an orc sorcerer for 6 turns
 24279 | Orc:4    | Reached XP level 15. HP: 134/136 MP: 21/25
 24315 | Orc:4    | Found Qiepot's Gadget Shoppe.
 24315 | Orc:4    | Found Nuost's Antique Weapon Emporium.
 24315 | Orc:4    | Found a one-way gate leading to the halls of Pandemonium.
 24367 | Orc:4    | Bought a scroll of enchant armour for 112 gold pieces
 24367 | Orc:4    | Bought a scroll of enchant weapon for 112 gold pieces
 24367 | Orc:4    | Bought a scroll of blinking for 112 gold pieces
 24367 | Orc:4    | Bought a scroll of enchant armour for 112 gold pieces
 24367 | Orc:4    | Bought a scroll of identify for 30 gold pieces
 24367 | Orc:4    | Bought a scroll of identify for 30 gold pieces
 24386 | Orc:4    | Found a flickering gateway to a bazaar.
 24414 | Bazaar   | Entered a bazaar
 24436 | Bazaar   | Found Naetedal's Weapon Emporium.
 24458 | Bazaar   | Found Cicruzufao's Weapon Shoppe.
 24490 | Bazaar   | Found Shreadag's Antique Weapon Shoppe.
 24604 | Bazaar   | Found Gauczia's Distillery.
 24615 | Bazaar   | Found Cell's Book Emporium.
 25156 | Orc:4    | Bought a +5 rod of ignition (10/10) for 1400 gold pieces
 25296 | D:10     | Entered Level 10 of the Dungeon
 26916 | D:11     | Found a basalt altar of Yredelemnul.
 27391 | D:11     | Found Buomuog's Antique Weapon Emporium.
 27925 | D:12     | Gained mutation: Your mind is acute. (Int +2) [potion of beneficial mutation]
 28006 | D:12     | Noticed Erica
 28022 | D:12     | Killed Erica
 28111 | D:12     | Reached skill level 15 in Fighting
 28902 | D:13     | Found a blossoming altar of Fedhas.
 29212 | D:13     | Noticed Nergalle
 29219 | D:13     | Killed Nergalle
 29446 | D:14     | Noticed a sphinx
 29446 | D:14     | Noticed a tengu reaver
 29447 | D:14     | Noticed a tengu reaver
 29491 | D:14     | Paralysed by a sphinx for 2 turns
 29530 | D:14     | Killed a tengu reaver
 29536 | D:14     | Killed a sphinx
 29564 | D:14     | Killed a tengu reaver
 30559 | Swamp:1  | Entered Level 1 of the Swamp
 31735 | Swamp:2  | Noticed Nikola
 31751 | Swamp:2  | Killed Nikola
 32126 | Swamp:2  | Reached XP level 16. HP: 157/157 MP: 25/25
 32171 | Swamp:2  | Noticed Norris
 32178 | Swamp:2  | Killed Norris
 32698 | Swamp:3  | HP: 5/159 [giant leech[a spriggan druid] (9)]
 34301 | Swamp:4  | Identified a +0 rod of shadows (9/9) (You found it on level 4 of the Swamp)
 34819 | Swamp:5  | Entered Level 5 of the Swamp
 35993 | Swamp:5  | Noticed the 27-headed Lernaean hydra
 36581 | Swamp:5  | Got a decaying rune of Zot
 36844 | Lair:1   | Lost mutation: Your mind is acute. (Int +2) [potion of mutation]
 36844 | Lair:1   | Gained mutation: You are somewhat resistant to further mutation. [potion of mutation]
 36844 | Lair:1   | Lost mutation: You are somewhat resistant to further mutation. [potion of mutation]
 36845 | Lair:1   | Gained mutation: Scrolls take you a little longer to read. [potion of mutation]
 36845 | Lair:1   | Gained mutation: You are frail (-10% HP). [potion of mutation]
 36846 | Lair:1   | Lost mutation: Scrolls take you a little longer to read. [potion of cure mutation]
 36846 | Lair:1   | Lost mutation: You are frail (-10% HP). [potion of cure mutation]
 36846 | Lair:1   | Lost mutation: You are partially covered in molten scales (AC +1). [potion of cure mutation]
 37249 | D:14     | Found a gate to the Vaults.
 37286 | D:14     | Reached XP level 17. HP: 170/170 MP: 26/26
 38108 | D:15     | Entered Level 15 of the Dungeon
 38133 | D:15     | Noticed Urug
 38146 | D:15     | Killed Urug
 38168 | D:15     | Reached skill level 15 in Armour
 38170 | D:15     | Noticed Louise
 38185 | D:15     | Killed Louise
 38805 | D:15     | Found a staircase to the Depths.
 39736 | Spider:1 | Entered Level 1 of the Spider Nest
 40569 | Spider:2 | Noticed Nessos
 40575 | Spider:2 | Killed Nessos
 40918 | Spider:3 | Got an iridescent quarterstaff
 41098 | Spider:3 | Noticed Donald
 41150 | Spider:3 | Killed Donald
 42585 | Spider:5 | Entered Level 5 of the Spider Nest
 42832 | Spider:5 | Reached XP level 18. HP: 178/178 MP: 27/27
 43419 | Spider:5 | Got a gossamer rune of Zot
 44684 | Vaults:1 | Entered Level 1 of the Vaults
 44771 | Vaults:1 | Paralysed by a great orb of eyes for 4 turns
 45024 | Vaults:1 | Paralysed by an ogre mage for 2 turns
 45101 | Vaults:1 | Gained mutation: Your mind is acute. (Int +2) [potion of mutation]
 45101 | Vaults:1 | Gained mutation: Your body is slowly deteriorating. [potion of mutation]
 45101 | Vaults:1 | Gained mutation: Your mind is very acute. (Int +4) [potion of mutation]
 45102 | Vaults:1 | Lost mutation: Your mind is very acute. (Int +4) [potion of cure mutation]
 45129 | Vaults:1 | Identified the +4 quarterstaff of Stym {drain, Dex+3} (You found it on level 3 of the Spider Nest)
 45586 | Vaults:1 | Got a warped robe
 45596 | Vaults:1 | Identified the +0 robe "Gaotz" {rPois rF- Int+5 SInv} (You took it off a yaktaur on level 1 of the Vaults)
 45639 | Vaults:1 | Found Etaunihoi's Armour Boutique.
 45661 | Vaults:1 | Bought the +8 ring mail of the Jackalope {rElec rC- Str+7 Dex+4 Stlth-} for 1017 gold pieces
 46149 | Vaults:2 | Reached skill level 15 in Shields
 46195 | Vaults:2 | Reached XP level 19. HP: 185/185 MP: 28/28
 46760 | Vaults:2 | Cast into the Abyss (an ogre mage)
 46774 | Abyss:1  | Found a corrupted altar of Lugonu.
 46779 | Vaults:2 | Escaped the Abyss
 48461 | Vaults:3 | Found a staircase to the Crypt.
 48950 | Vaults:4 | Cast into the Abyss (a lich)
 48978 | Abyss:1  | Found a snail-covered altar of Cheibriados.
 49078 | Vaults:4 | Escaped the Abyss
 49460 | Vaults:4 | Noticed Xtahua
 49852 | Depths:1 | Entered Level 1 of the Depths
 50274 | Depths:1 | Found a one-way gate to the infinite horrors of the Abyss.
 50445 | Depths:1 | Reached XP level 20. HP: 193/193 MP: 28/28
 50468 | Depths:1 | Noticed Jorgrun
 50497 | Depths:1 | Killed Jorgrun
 51003 | Depths:1 | Found a gateway to Hell.
 51201 | Depths:1 | Found Ghydwyse's General Store.
 51236 | Depths:1 | Bought a potion of restore abilities for 60 gold pieces
 52030 | Depths:2 | Found a gateway to a ziggurat.
 52250 | Depths:2 | Found a glowing golden altar of the Shining One.
 52429 | Depths:2 | Got a clouded ivory amulet
 52444 | Depths:2 | Lost mutation: Your mind is acute. (Int +2) [potion of cure mutation]
 52444 | Depths:2 | Lost mutation: Your body is slowly deteriorating. [potion of cure mutation]
 52445 | Depths:2 | Gained mutation: You passively map a small area around you. [potion of mutation]
 52445 | Depths:2 | Gained mutation: Your spells are a little harder to cast, but a little more powerful. [potion of mutation]
 52445 | Depths:2 | Gained mutation: You are clumsy. (Dex -2) [potion of mutation]
 52446 | Depths:2 | Lost mutation: You passively map a small area around you. [potion of cure mutation]
 52446 | Depths:2 | Lost mutation: Your spells are a little harder to cast, but a little more powerful. [potion of cure mutation]
 52446 | Depths:2 | Lost mutation: You are clumsy. (Dex -2) [potion of cure mutation]
 52447 | Depths:2 | Gained mutation: You have sharp toenails. [potion of beneficial mutation]
 53265 | Depths:4 | Noticed a golden dragon
 53336 | Depths:4 | Killed a golden dragon
 53463 | Depths:4 | Found a runed door.
 53680 | Depths:4 | Found Grit's Blood Bar.
 53895 | Depths:4 | Reached skill level 15 in Invocations
 54022 | Depths:4 | Reached XP level 21. HP: 31/201 MP: 12/34
 54613 | Depths:5 | Entered Level 5 of the Depths
 54706 | Depths:5 | Noticed the Enchantress
 56397 | Depths:4 | Noticed Frederick
 56417 | Depths:4 | Killed Frederick
 56927 | Depths:4 | Found a radiant altar of Vehumet.
 57235 | Depths:4 | Found a runed door.
 57927 | Depths:3 | Noticed an ancient lich
 57939 | Depths:3 | Killed an ancient lich
 58249 | Depths:3 | Noticed Sojobo
 58278 | Depths:3 | Killed Sojobo
 59089 | Lair:1   | Identified the amulet of Koll {Faith rPois rN+ MR- Str+3 Dex-5} (You found it on level 2 of the Depths)
 59092 | Lair:1   | Identified a -1 rod of destruction (11/11) (You found it on level 1 of the Depths)
 59203 | Elf:1    | Entered Level 1 of the Elven Halls
 60337 | Elf:2    | Found a runed gate.
 60338 | Elf:2    | Found a runed gate.
 60348 | Elf:2    | Found a runed gate.
 60636 | Elf:2    | Reached XP level 22. HP: 207/209 MP: 35/35
 60656 | Elf:2    | Found a roughly hewn altar of Beogh.
 61017 | Elf:2    | Reached skill level 22 in Axes
 61904 | Elf:3    | Entered Level 3 of the Elven Halls
 62008 | Elf:3    | Noticed Frances
 62010 | Elf:3    | Found Thul's One-of-a-Kind Books.
 62021 | Elf:3    | Killed Frances
 62144 | Elf:3    | Got a dazzling scale mail
 62145 | Elf:3    | Identified the +1 scale mail of Ylugu {MR+ Regen+ Dex+3} (You found it on level 3 of the Elven Halls)
 63682 | Elf:3    | Got a smoking graven amulet
 63790 | Elf:3    | Cast into the Abyss (a deep elf sorcerer)
 63869 | Abyss:1  | Gained mutation: Your spells are a little easier to cast, but a little less powerful. [a neqoxec]
 63873 | Abyss:1  | Gained mutation: You evolve. [a neqoxec]
 63898 | Abyss:1  | Gained mutation: You are dopey. (Int -2) [a neqoxec]
 63923 | Abyss:1  | Lost intelligence.
 63928 | Abyss:1  | Gained mutation: Scrolls take you a little longer to read. [a neqoxec]
 63937 | Abyss:1  | Gained mutation: Armour fits poorly on your strangely shaped body. [a neqoxec]
 63958 | Abyss:1  | Gained mutation: You expend magic power (3 MP) to slightly strengthen your wands. [a neqoxec]
 63962 | Abyss:1  | Gained mutation: You are weak. (Str -2) [a neqoxec]
 64013 | Abyss:1  | Lost mutation: Your spells are a little easier to cast, but a little less powerful. [potion of cure mutation]
 64013 | Abyss:1  | Lost mutation: Armour fits poorly on your strangely shaped body. [potion of cure mutation]
 64013 | Abyss:1  | Lost mutation: You are weak. (Str -2) [potion of cure mutation]
 64013 | Abyss:1  | Lost mutation: You are dopey. (Int -2) [potion of cure mutation]
 64247 | Abyss:1  | Found a blossoming altar of Fedhas.
 64582 | Abyss:1  | Identified the amulet of Throqoesoca {Spirit rN+ Int+3} (You took it off a deep elf sorcerer on level 3 of the Elven Halls)
 64766 | Abyss:1  | Reached skill level 23 in Axes
 64857 | Elf:3    | Escaped the Abyss
 64889 | Elf:3    | HP: 9/209 [crystal guardian/crystal bolt (13)]
 64891 | Elf:3    | Killed from afar by a deep elf high priest

Action                   |  1- 3 |  4- 6 |  7- 9 | 10-12 | 13-15 | 16-18 | 19-21 | 22-24 || total
-------------------------+-------+-------+-------+-------+-------+-------+-------+-------++-------
Melee: War axe           |    68 |   221 |   451 |   886 |  1646 |  1593 |  1751 |   547 ||  7163
       Unarmed           |       |       |       |       |     6 |       |       |       ||     6
Invok: Minor Destruction |       |       |     2 |    18 |     8 |     1 |       |       ||    29
       Lesser Servant of |       |       |       |     1 |       |     1 |       |       ||     2
       Greater Servant o |       |       |       |     1 |     4 |    14 |    11 |     5 ||    35
       Major Destruction |       |       |       |       |    58 |   109 |    33 |    20 ||   220
Evoke: Wand              |       |       |     1 |       |     1 |     1 |     4 |     4 ||    11
       Rod               |       |       |       |       |     1 |     1 |       |       ||     2
  Use: Scroll            |     6 |     4 |    10 |    13 |    27 |    18 |    10 |     5 ||    93
       Potion            |       |     1 |     1 |     1 |     6 |    10 |    14 |     5 ||    38
 Stab: Fleeing           |       |       |       |       |     2 |       |       |       ||     2
       Confused          |       |       |       |       |     2 |     3 |       |       ||     5
       Distracted        |       |       |       |       |       |     1 |     1 |     1 ||     3
       Petrifying        |       |       |       |       |       |       |       |     2 ||     2
  Eat: Chunk             |       |     3 |     8 |     7 |    31 |    11 |     9 |     1 ||    70
       Bread ration      |       |     1 |     2 |     3 |     4 |     6 |     3 |     2 ||    21
       Meat ration       |       |       |       |     1 |     3 |     4 |     6 |     2 ||    16
       Beef jerky        |       |       |       |       |       |     6 |     1 |       ||     7
